AoeStats
← RAVANAN

Arabia

509921961Analyzed
2v2 RM · 5d ago on Sep 28, 2026· 59m 10s· 4 players
Game mode
Random Map
Map size
Medium (4 player)
Population
200
Speed
Normal
Resources
Standard
Victory
Conquest
Starting age
Dark Age
Ending age
Imperial Age
RankedLock teamsTeams togetherTeam positionsShared explorationLock speedFull tech treeHidden civsTurbo modeCheats
Victory
Defeat
🇨🇿 Vietnamese · Czechia
889
+14
🇨🇿 Turks · Czechia
857
+16
🇲🇾 Gurjaras · Malaysia
879
-16
🇮🇳 Japanese · India
823
-14
DeNNy
4:45 Loom
9:55 Feudal Age
10:50 Double-Bit Axe
11:18 Horse Collar
24:13 Castle Age
27:51 Bow Saw
32:27 Fletching
32:37 Padded Archer Armor
33:03 Heavy Plow
39:25 Leather Archer Armor
38:43 Crossbowman
39:28 Thumb Ring
40:01 Bodkin Arrow
40:24 Thumb Ring
49:46 Imperial Age
49:09 Ballistics
50:10 Arbalester
51:20 Treadmill Crane
52:01 Bracer
53:09 Murder Holes
56:07 Wheelbarrow
56:26 Ring Archer Armor
58:32 Chemistry
59:46 Paper Money
60:04 Hand Cart
jirluk
7:22 Loom
10:25 Feudal Age
19:20 Castle Age
17:08 Double-Bit Axe
18:12 Horse Collar
18:25 Gold Mining
18:48 Forging
19:59 Scale Barding Armor
20:44 Bloodlines
22:29 Husbandry
22:36 Husbandry
24:50 Fletching
25:01 Padded Archer Armor
25:09 Heavy Plow
26:56 Wheelbarrow
26:13 Town Watch
27:51 Bow Saw
28:37 Bodkin Arrow
28:31 Treadmill Crane
33:11 Iron Casting
36:16 Murder Holes
40:19 Ballistics
42:57 Masonry
45:41 Redemption
50:47 Hand Cart
55:03 Stone Mining
56:17 Town Patrol
61:51 Imperial Age
mikesandwash
9:58 Feudal Age
10:23 Man-at-Arms
12:02 Loom
21:30 Castle Age
RAVANAN
0:35 Loom
15:00 Feudal Age
17:10 Wheelbarrow
16:21 Town Watch
20:48 Castle Age
19:24 Wheelbarrow
18:35 Town Watch
20:20 Double-Bit Axe
20:29 Gold Mining
20:29 Stone Mining
20:23 Horse Collar
22:06 Pikeman
22:49 Squires
22:35 Arson
22:36 Gambesons
23:16 Hand Cart
26:02 Forging
25:53 Scale Mail Armor
27:22 Iron Casting
28:57 Chain Mail Armor
37:46 Heavy Plow
43:56 Imperial Age
48:28 Conscription
48:20 Husbandry
48:46 Yasama
52:21 Cavalier
55:54 Bloodlines
56:00 Town Patrol
58:08 Scale Barding Armor
58:34 Plate Mail Armor
59:04 Blast Furnace
Connection lost

Rejoining the realm…

Still unreachable

The connection could not be restored.

Session expired

The server has moved on; the page needs a fresh start.